 Dungeon Crawl Stone Soup version 0.18.1-48-g4cf74bf (webtiles) character file.

122 MistressOfTheDunes the Insei (level 4, -3/35 HPs)
             Began as a Mummy Monk on July 18, 2016.
             Slain by an orc
             ... wielding a +0 dagger
              (7 damage)
             ... on level 3 of the Dungeon.
             The game lasted 00:04:23 (3955 turns).

MistressOfTheDunes the Insei (Mummy Monk)           Turns: 3955, Time: 00:04:24

Health: -3/35      AC:  0    Str: 14    XL:     4   Next: 78%
Magic:  4/4        EV: 13    Int:  9    God:
Gold:   85         SH:  0    Dex: 15    Spells: 0 memorised, 3 levels left

rFire  x . .     SeeInvis .       - Unarmed
rCold  + . .     Gourm    .     (no armour)
rNeg   + + +     Faith    .     (no shield)
rPois  ∞         Spirit   .     (no helmet)
rElec  .         Dismiss  .     (no cloak)
rCorr  .         Reflect  .     (no gloves)
SustAt .         Harm     .     (no boots)
MR     .....                    (no amulet)
Stlth  ++........               (no ring)
                                (no ring)

@: not resistant to hostile enchantments, unstealthy
A: no food or potions, fire vulnerability, cold resistance 1, negative energy
resistance 3, torment resistance, unbreathing
a: no special abilities


You were on level 3 of the Dungeon.
You were not hungry.

You visited 1 branch of the dungeon, and saw 4 of its levels.

You collected 85 gold pieces.


Innate Abilities, Weirdness & Mutations

You do not eat or drink.
Your flesh is vulnerable to fire.
You are immune to poison.
Your flesh is cold resistant.
You are immune to negative energy.
You are immune to unholy pain and torment.
You can survive without breathing.


   Skills:
 - Level 3.0 Fighting
 + Level 2.7 Dodging
 - Level 1.5 Stealth
 - Level 5.0 Unarmed Combat


You had 3 spell levels left.
You didn't know any spells.

Inventory:

Jewellery
 g - a +3 ring of intelligence
Scrolls
 a - a scroll of amnesia
 b - a scroll of enchant armour {unknown}
 c - a scroll of teleportation {@r4}
 d - 2 scrolls of magic mapping
 e - 3 scrolls of remove curse
 f - 2 scrolls of recharging
 h - 2 scrolls of enchant weapon {unknown}

Dungeon Overview and Level Annotations

Branches:
Dungeon (4/15)
 Temple: D:4-7

Altars:
Qazlal

▒▒▒▒▒ ▒▒▒▒▒▒▒▒▒▒ .%..▒
▒..).....▒ ....▒ ▒▒▒▒▒▒
▒........▒
....▒▒▒....▒▒▒▒..o.....▒
...........'...)M......▒
....▒▒.....▒▒▒.........▒
....▒▒.....▒ ▒.........▒
....▒▒.....▒ ▒.........▒
....▒▒.....▒ ▒.▒▒▒▒▒▒▒▒▒
....▒▒.....▒ ▒.▒
....▒▒<....▒ ▒.▒
....▒▒.....▒ ▒.▒
▒▒▒▒▒▒.▒▒▒▒▒
▒.▒▒▒▒▒▒▒▒▒▒


You could see an orc.


Message History

The orc hits you with a dagger! * * * don't die
* * * You climb upwards!
There is a stone staircase leading down here!
You pulverise the orc!
The orc is severely wounded!
The orc hits you with a dagger! * * * don't die
* * * You pulverise the orc but do no damage!
The orc is severely wounded!
The orc misses you!
You barely miss the orc!
The orc is severely wounded!
The orc hits you with a dagger! * * * don't die
* * * You barely miss the orc!
The orc is severely wounded!
The orc hits you with a dagger! * * * don't die
* * * You squash the orc but do no damage!
The orc is severely wounded!
The orc hits you with a dagger! * * * don't die
* * * You squash the orc but do no damage!
The orc is severely wounded!
The orc misses you!
You beat the orc but do no damage!
The orc is severely wounded!
The orc hits you with a dagger!!! rip

Action                   |  1- 3 |  4- 6 || total
-------------------------+-------+-------++-------
Melee: Unarmed           |   160 |    81 ||   241
       Punch             |     3 |       ||     3
  Use: Scroll            |       |     6 ||     6
 Stab: Sleeping          |     8 |     2 ||    10
Dodge: Dodged            |   105 |    45 ||   150

Vault maps used:
D:1:      ncdulo_wetmaze, minmay_tree_intersection
D:2:      nicolae_qazlal_style_of_elements, corexii_shack
D:3:      first_bread, minivault_25
D:4:      kennysheep_mini_moat

Notes
Turn   | Place    | Note
--------------------------------------------------------------
     0 | D:1      | MistressOfTheDunes the Mummy Monk began the quest for the Orb.
     0 | D:1      | Reached XP level 1. HP: 18/18 MP: 1/1
   151 | D:1      | Reached XP level 2. HP: 12/24 MP: 2/2
   153 | D:1      | HP: 1/24 [hobgoblin/club (6)]
   776 | D:1      | Reached skill level 4 in Unarmed Combat
  1241 | D:1      | Reached XP level 3. HP: 17/29 MP: 3/3
  2114 | D:2      | Noticed a water elemental
  2473 | D:2      | Found a stormy altar of Qazlal.
  2474 | D:2      | Noticed an air elemental
  2475 | D:2      | Noticed an earth elemental
  2476 | D:2      | Noticed a fire elemental
  2671 | D:2      | Reached XP level 4. HP: 19/35 MP: 4/4
  3672 | D:3      | Reached skill level 5 in Unarmed Combat
  3955 | D:3      | Slain by an orc

Vanquished Creatures
  5 adders
  A worm (D:3)
  4 dart slugs
  3 giant geckos
  3 orcs
  A giant cockroach (D:1)
  7 hobgoblins
  10 jackals
  3 kobolds
  A quokka (D:2)
  2 ball pythons
  11 bats
  A giant newt (D:3)
  4 goblins
  4 rats
60 creatures vanquished.
